 Dungeon Crawl Stone Soup version 0.26.1-11-gd32895ea62 (webtiles) character file.

Game seed: 17127485183278322972

172 H0rd4k the Charlatan (level 5, 0/38 HPs)
             Began as a Human Artificer on Apr 14, 2021.
             Slain by a worker ant (6 damage)
             ... on level 4 of the Dungeon on Apr 15, 2021.
             The game lasted 00:04:49 (4770 turns).

H0rd4k the Charlatan (Human Artificer)              Turns: 4770, Time: 00:04:49

Health: 0/38       AC:  3    Str: 13    XL:     5   Next: 82%
Magic:  5/5        EV: 12    Int: 12    God:
Gold:   161        SH:  5    Dex: 13    Spells: 4/4 levels left

rFire    . . .     SeeInvis .   f - +0 dagger (flame)
rCold    . . .     Faith    .   (no shield)
rNeg     . . .     Spirit   .   b - +0 leather armour
rPois    .         Reflect  +   (no helmet)
rElec    .         Harm     .   (no cloak)
rCorr    .         Rampage  .   (no gloves)
Will     .....                  (no boots)
Stlth    ++........             l - amulet of reflection
HPRegen  0.12/turn              (no ring)
MPRegen  0.09/turn              (no ring)

@: lethally poisoned (0 -> -5)
A: no striking features
a: no special abilities


You were on level 4 of the Dungeon.
You visited 1 branch of the dungeon, and saw 4 of its levels.

You collected 161 gold pieces.

Inventory:

Hand Weapons
 a - a +0 rapier
 f - a +0 dagger of flaming (weapon)
 n - a +0 dagger
Missiles
 j - 17 poisoned darts (quivered)
Armour
 b - a +0 leather armour (worn)
Jewellery
 l - an amulet of reflection (around neck)
Wands
 c - a wand of flame (2)
 d - a wand of enslavement (13)
 e - a wand of random effects (5)
Scrolls
 k - 3 scrolls of teleportation
Potions
 g - a potion of attraction {unknown}
 h - 3 potions of curing
 o - a potion of magic {unknown}
 q - a potion of might {unknown}
 t - a potion of invisibility {unknown}


   Skills:
 + Level 1.7 Fighting
 + Level 1.5 Short Blades
 + Level 2.6 Armour
 + Level 2.6 Dodging
 + Level 2.0 Stealth
 + Level 0.8 Shields
 + Level 3.9 Evocations


You had 4 spell levels left.
You didn't know any spells.
Your spell library was empty.

Dungeon Overview and Level Annotations

Branches:
Dungeon (4/15)
 Temple: D:4-7

Altars:
Dithmenos
Fedhas
Qazlal
Trog
Yredelemnul

Annotations:
D:4 1 transporter


Message History

Press: ? - help, Shift-Dir - straight line, f/p - worker ant
Aim: a worker ant (heavily wounded, 29% to evade)
The puff of flame hits the worker ant.
The worker ant is severely wounded.
You block the worker ant's attack.
Aiming: Throw Flame
Press: ? - help, Shift-Dir - straight line, f/p - worker ant
Aim: a worker ant (severely wounded, 29% to evade)
The puff of flame misses the worker ant.
The worker ant bites you.
* * * LOW HITPOINT WARNING * * *
You are poisoned.
The worker ant poisons you!
Aiming: Throw Flame
Press: ? - help, Shift-Dir - straight line, f/p - worker ant
Aim: a worker ant (severely wounded, 29% to evade)
The puff of flame hits the worker ant.
The worker ant is almost dead.
You feel sick. The worker ant bites you.
You die...

....... ##.#... #
#.....#
.>####.....#
.........?.#
#........# #
#.......#
####.####..<#!#
.....$.@B...#
#########.###
..5oo#P8#.#
≈≈≈≈≈#.P#........
P≈≈..#.$#......##
≈⌠≈..+)©#©..#.##
≈P≈..#.$#..## ..
≈≈≈≈≈#.P#.## ##
.55#P8#.#


You could see a worker ant, 2 orc priests and a shadow imp.

Vanquished Creatures
  10 adders
  A dart slug (D:2)
  A worm (D:2)
  A leopard gecko (D:1)
  15 bats
  3 giant cockroaches
  10 goblins
  9 hobgoblins
  2 jackals (D:3)
  4 quokkas
  A ball python (D:4)
  3 frilled lizards
  2 gnoll zombies (D:2)
  6 kobolds
  9 rats
77 creatures vanquished.

Vanquished Creatures (collateral kills)
  A rat (D:2)
1 creature vanquished.

Vanquished Creatures (others)
  A kobold (D:3)
1 creature vanquished.

Grand Total: 79 creatures vanquished

Notes
Turn   | Place    | Note
-------+----------+-------------------------------------------
     0 | D:1      | H0rd4k the Human Artificer began the quest for the Orb.
     0 | D:1      | Reached XP level 1. HP: 15/15 MP: 1/1
   304 | D:1      | Reached XP level 2. HP: 18/21 MP: 2/2
  1090 | D:1      | Reached XP level 3. HP: 23/26 MP: 3/3
  1953 | D:2      | Reached XP level 4. HP: 32/32 MP: 4/4
  2547 | D:2      | Found a shadowy altar of Dithmenos.
  2705 | D:2      | Reached skill level 1 in Short Blades
  2705 | D:2      | Reached XP level 5. HP: 37/37 MP: 5/5
  3122 | D:2      | Found a bloodstained altar of Trog.
  3398 | D:2      | Found a blossoming altar of Fedhas.
  3447 | D:2      | Found a basalt altar of Yredelemnul.
  4670 | D:3      | Found a stormy altar of Qazlal.
  4733 | D:4      | Found a transporter.
  4770 | D:4      | Slain by a worker ant

Illustrated notes

Levels and vault maps discovered:
D:1:      scummos_arrival_forest, layout_basic
D:2:      minmay_razor_zed, layout_basic, grunt_dithmenos_smoke_and_mirrors,
          lemuel_zombie_altar_yredelemnul, nicolae_overflow_hidden_temple,
          lemuel_coloured_pillars_altar
D:3:      layout_loops_ring, marbit_many_paths
D:4:      gammafunk_wand_slinger, layout_loops_ring, lemuel_round_altar,
          nicolae_gozag_cash_rules_everything_around_me, led_sif_pool, uniq_ijyb

Skill      XL: |  1  2  3  4  5 |
---------------+----------------+-----
Dodging        | 2 |  2.6
Short Blades   | 1 |  1.5
Stealth        | 2 |  2.0
Fighting       | |  1.7
Armour         | |  2.6
Shields        | |  0.8
Evocations     | |  3.9

Action                   |  1- 3 |  4- 6 || total
-------------------------+-------+-------++-------
Melee: Club              |   104 |       ||   104
       Dagger            |    42 |   271 ||   313
       Rapier            |       |     9 ||     9
Evoke: Wand              |     2 |    23 ||    25
  Use: Scroll            |       |     8 ||     8
 Stab: Sleeping          |     3 |     2 ||     5
       Paralysed         |       |     1 ||     1
Armor: Leather armour    |    65 |    58 ||   123
Dodge: Dodged            |   120 |   160 ||   280
Block: Other             |    14 |    72 ||    86
       Reflection        |       |     3 ||     3
